 Dungeon Sprint DCSS version 0.18.1-50-g88ac8fd (webtiles) character file.

431 Kagutsuchi the Arsonist (level 7, -1/46 HPs)
             Began as a Human Fire Elementalist on Oct 21, 2016.
             Splashed by Sonja's acid (12 damage)
             ... in the Dungeon (Sprint I: "Red Sonja").
             The game lasted 00:05:30 (309 turns).

Kagutsuchi the Arsonist (Human Fire Elementalist)    Turns: 309, Time: 00:05:30

Health: -1/46      AC: -2    Str:  8    XL:     7   Next: 20%
Magic:  15/16      EV: 15    Int: 17    God:
Gold:   297        SH:  0    Dex: 14    Spells: 1 memorised, 17 levels left

rFire  . . .     SeeInvis .     (no weapon)
rCold  . . .     Gourm    .     a - +0 robe
rNeg   . . .     Faith    .     (no shield)
rPois  .         Spirit   .     (no helmet)
rElec  .         Dismiss  .     (no cloak)
rCorr  .         Reflect  .     (no gloves)
SustAt .         Harm     .     (no boots)
MR     .....     NoTele   +     (no amulet)
Stlth  +++.......               (no ring)
                                (no ring)

@: corroded, not resistant to hostile enchantments, fairly stealthy
A: no striking features
a: no special abilities


You were in the Dungeon.
You were very full.

You visited 1 branch You collected 297 gold pieces.

Inventory:

Armour
 a - a +0 robe (worn)
Jewellery
 e - a +2 ring of intelligence {unknown}
Scrolls
 c - a scroll of remove curse {unknown}
 i - a scroll of blinking
Potions
 d - a potion of curing
 f - a potion of haste
 g - a potion of magic
 h - a potion of berserk rage
 j - a potion of agility {unknown}
Books
 b - a book of Flames

   Spells                             Type                      Level
   a - Flame Tongue                   Conjuration/Fire             1
   b - Throw Flame                    Conjuration/Fire             2
   c - Conjure Flame                  Conjuration/Fire             3
   d - Inner Flame                    Hexes/Fire                   3
   e - Sticky Flame                   Conjuration/Fire             4
   f - Fireball                       Conjuration/Fire             5


   Skills:
 + Level 6.0 Dodging
 + Level 4.5 Stealth
 + Level 6.4 Spellcasting
 + Level 3.8 Conjurations
 + Level 10.4 Fire Magic


You had 17 spell levels left.
You knew the following spells:

 Your Spells              Type           Power        Failure   Level  Hunger
a - Flame Tongue          Conj/Fire      ####.        1%          1    None


Dungeon Overview and Level Annotations

Branches:
Dungeon (1/1)

Altars:
Elyvilon
Gozag
Kikubaaqudgha
Makhleb
Nemelex Xobeh
Okawaru
Pakellas
Qazlal
Ru
Sif Muna
Trog
Vehumet
Xom
Yredelemnul
Zin
The Shining One

Shops:
D *

Annotations:
D Sonja


Message History

You continue eating. x2
You finish eating.
That bread ration really hit the spot!
There is an open door here.
You see here a yak corpse.
There is a deep blue altar of Sif Muna here.
You open the door.
Found a scroll labeled XUFREHOUBLU.
There is an open door here.
c - a scroll labeled XUFREHOUBLU
There is an open door here.
There is a deep blue altar of Sif Muna here.
You open the door.
Sonja, the Graceful Assassin comes into view.
She is wielding a short sword of draining.
Found 108 gold pieces.
Sonja shouts!
Sonja zaps a wand.
The bolt of acid hits you!
Ouch! That really hurt!
* * * LOW HITPOINT WARNING * * *
The acid corrodes you!
The acid burns!
You die...

#<.#..)..#.)'..#
#..)..#..'..#..+
#..#####'#####'#
#..####..#...#.#
#..#__####..##.#
#..#_.___##'#..+
#⌠⌠#_.∩...†..._#
####_..._##_.#'#
#_____###@#.#
####### #.###
$.$ #$K$# ##.##
#+#


You could see Sonja.

Vanquished Creatures
  Sigmund (D)
  A yak (D)
  An ogre (D)
  A jelly (D)
  Ijyb (D)
5 creatures vanquished.

Notes
Turn   | Place    | Note
--------------------------------------------------------------
     0 | D        | Kagutsuchi the Human Fire Elementalist began the quest for the Orb.
     0 | D        | Reached XP level 1. HP: 13/13 MP: 3/3
     2 | D        | Noticed Ijyb
    11 | D        | Killed Ijyb
    11 | D        | Reached skill level 5 in Fire Magic
    11 | D        | Reached XP level 2. HP: 19/19 MP: 1/6
    11 | D        | Reached XP level 3. HP: 24/24 MP: 1/7
    72 | D        | Noticed an ogre
    78 | D        | Killed an ogre
    78 | D        | Reached skill level 7 in Fire Magic
    78 | D        | Reached XP level 4. HP: 30/30 MP: 2/10
    78 | D        | Reached XP level 5. HP: 35/35 MP: 2/11
   178 | D        | Noticed Sigmund
   185 | D        | Killed Sigmund
   185 | D        | Reached skill level 5 in Dodging
   185 | D        | Reached skill level 5 in Spellcasting
   185 | D        | Reached skill level 9 in Fire Magic
   185 | D        | Reached XP level 6. HP: 38/41 MP: 7/14
   226 | D        | Found a deep blue altar of Sif Muna.
   228 | D        | Found a radiant altar of Vehumet.
   252 | D        | Found Vueqeg's General Store.
   252 | D        | Found a white marble altar of Elyvilon.
   252 | D        | Found a stormy altar of Qazlal.
   252 | D        | Found a burning altar of Makhleb.
   252 | D        | Found a sacrificial altar of Ru.
   252 | D        | Found an oddly glowing altar of Pakellas.
   252 | D        | Found a basalt altar of Yredelemnul.
   252 | D        | Found a glowing golden altar of the Shining One.
   252 | D        | Found a sparkling altar of Nemelex Xobeh.
   252 | D        | Found a shimmering altar of Xom.
   252 | D        | Found an opulent altar of Gozag.
   252 | D        | Found an ancient bone altar of Kikubaaqudgha.
   252 | D        | Found a glowing silver altar of Zin.
   252 | D        | Noticed a yak
   254 | D        | Found an iron altar of Okawaru.
   274 | D        | Killed a yak
   274 | D        | Reached skill level 10 in Fire Magic
   274 | D        | Reached XP level 7. HP: 29/46 MP: 10/16
   276 | D        | Found a bloodstained altar of Trog.
   308 | D        | Noticed Sonja
   309 | D        | Splashed by Sonja's acid

Skill      XL: |  1  2  3  4  5  6 |
---------------+-------------------+-----
Spellcasting   | 3 4 5 6 |  6.4
Fire Magic     | 5 7 9 10 | 10.4
Dodging        | 4 5 6 |  6.0
Stealth        | 3 4 |  4.5
Conjurations   | 2 3 |  3.8

Action                   |  1- 3 |  4- 6 |  7- 9 || total
-------------------------+-------+-------+-------++-------
Melee: Unarmed           |     3 |       |       ||     3
 Cast: Flame Tongue      |     9 |    11 |     1 ||    21
  Use: Potion            |     2 |       |       ||     2
  Eat: Bread ration      |       |       |     1 ||     1
Armor: Robe              |     1 |       |       ||     1
Dodge: Dodged            |     5 |     4 |       ||     9
